 Dungeon Crawl Stone Soup version 0.31-a0-188-g5e087ee2ca (webtiles) character file.

Game seed: 7896128048386790850

116 qw the Skirmisher (level 4, 0/25 HPs)
             Began as a Deep Elf Hunter on June 23, 2023.
             Slain by an adder (4 damage)
             ... on level 2 of the Dungeon.
             The game lasted 00:00:30 (1097 turns).

qw the Skirmisher (Deep Elf Hunter)                 Turns: 1097, Time: 00:00:31

Health: 0/25       AC:  3    Str: 10    XL:     4   Next: 69%
Magic:  6/6        EV: 12    Int: 14    God:
Gold:   29         SH:  0    Dex: 18    Spells: 3/3 levels left

rFire   . . .        Y - +2 shortbow (chaos)
rCold   . . .        (shield currently unavailable)
rNeg    . . .        c - +0 leather armour
rPois   .            (no helmet)
rElec   .            (no cloak)
rCorr   .            (no gloves)
SInv    .            (no boots)
Will    .....        (no amulet)
Stlth   ++           (no ring)
HPRegen 0.24/turn    (no ring)
MPRegen 0.10/turn

%: no passive effects
@: lethally poisoned (0 -> -1)
A: no striking features
a: no special abilities


You were on level 2 of the Dungeon.
You visited 1 branch of the dungeon, and saw 2 of its levels.

You collected 104 gold pieces.
You spent 75 gold pieces at shops.


   Skills:
 - Level 1.5 Fighting
 + Level 8.1 Ranged Weapons
 - Level 2.4 Dodging
 - Level 1.2 Stealth


You had 3 spell levels left.
You didn't know any spells.
Your spell library was empty.

Inventory:

Hand Weapons
 Y - a +2 shortbow of chaos (weapon)
Armour
 c - a +0 leather armour (worn)
 g - a +0 ring mail
Jewellery
 e - a ring of resist corrosion
Scrolls
 a - a scroll of blinking {unknown}
 b - a scroll of identify
 h - a scroll of enchant armour {unknown}
Potions
 d - a potion of brilliance {unknown}
 f - a potion of curing {unknown}

Dungeon Overview and Level Annotations

Branches:
Dungeon (2/15)

Altars:

Shops:
D:2 *


Message History

1043 ||| ENCHANTING +1 shortbow of chaos.
An adder comes into view.
Found a scroll of identify.
Found a stone staircase leading up.
Enter note:
Enter note:
Enter note:
Enter note:
Enter note:
Enter note: You shoot an arrow.
The arrow hits the adder.
The adder is poisoned.
The adder hisses angrily.
The adder is heavily wounded.
An adder comes into view.
You shoot an arrow. The arrow barely misses the adder.
The adder bites you.
You shoot an arrow. The arrow closely misses the adder.
The arrow hits the adder!
You kill the adder!
The adder bites you.
You are poisoned.
The adder poisons you! The adder bites you.
You are more poisoned.
The adder poisons you!
You shoot an arrow. The arrow misses the adder.
You feel sick. The adder barely misses you.
You shoot an arrow.
The arrow hits the adder but does no damage.
You feel sick. The adder misses you.
You shoot an arrow. The arrow closely misses the adder.
You feel sick. The adder bites you. x2
You shoot an arrow. The arrow hits the adder.
The adder is poisoned.
The adder is moderately wounded.
You feel sick. The adder misses you.
You shoot an arrow. The arrow closely misses the adder.
You feel sick. The adder closely misses you.
You shoot an arrow. The arrow closely misses the adder.
You feel sick. The adder bites you.
You shoot an arrow. The arrow closely misses the adder.
You feel sick. The adder bites you.
You die...

#.#....#.# #..#.#...#.#
##.#.####.# #..#.#...#.#
..........#
#..#.#.###.##
##.#...####
#..#........# #.#......#
#..#....#####
##.#..###.# #.......#
...#..###.# #..#.##+#
####......# #..#.#
#...#### #..#@# #..(.#.#
#..#.S?<.... ####.#....#
#..#........ ...#.##.#.#
#..#........
.###.##.#.###..#........
.###.#..#......#####.###
..<#.#.#...###.# .#
.###......## #.# .
........#.# #.#


You could see an adder (very poisoned).

Vanquished Creatures
  A jelly (D:2)
  3 adders (D:2)
  2 worms (D:2)
  A dart slug (D:1)
  4 endoplasms
  3 giant cockroaches
  6 goblins
  4 hobgoblins
  4 jackals
  4 quokkas
  4 ball pythons (D:1)
  6 bats
  A frilled lizard (D:1)
  3 kobolds
  4 rats
50 creatures vanquished.

Notes
Turn   | Place    | Note
-------+----------+-------------------------------------------
     0 | D:1      | qw the Deep Elf Hunter began the quest for the Orb.
     0 | D:1      | Reached XP level 1. HP: 12/12 MP: 3/3
     0 | D:1      | 0 ||| qw: Version: 0.3-a-9-g12657ce
     0 | D:1      | 0 ||| qw: Game counter: 3524
     0 | D:1      | 0 ||| qw: Always use a shield: true
     0 | D:1      | 0 ||| qw: God list: Okawaru
     0 | D:1      | 0 ||| qw: Allow faded altars: false
     0 | D:1      | 0 ||| qw: Do Orc after D:15 true
     0 | D:1      | 0 ||| qw: Do second Lair branch before Depths: true
     0 | D:1      | 0 ||| qw: Lair rune preference: random
     0 | D:1      | 0 ||| qw: Plans: Normal
     0 | D:1      | 0 ||| PLANNING D:1-11
   120 | D:1      | Reached XP level 2. HP: 16/16 MP: 4/4
   124 | D:1      | Reached skill level 6 in Ranged Weapons
   237 | D:1      | Reached XP level 3. HP: 20/20 MP: 5/5
   580 | D:1      | 580 ||| READING scroll labelled SEUFAF OSEW.
   581 | D:1      | 581 ||| READING scroll labelled DYLYASMOYGE.
   582 | D:1      | 582 ||| READING scroll labelled XISHRA LEFOUXT.
   583 | D:1      | 583 ||| READING 2 scrolls labelled SAROC VIOROAFE.
   584 | D:1      | 584 ||| DROPPING scroll of butterflies.
   585 | D:1      | 585 ||| DROPPING scroll of fog.
   698 | D:2      | Reached skill level 7 in Ranged Weapons
   710 | D:2      | Found Peamytaf's Assorted Antiques.
   721 | D:2      | 721 ||| SHOPLISTING glass wand (100 gold, have 75).
   721 | D:2      | 721 ||| SHOPLISTING pair of runed boots (187 gold, have
                  | 75).
   721 | D:2      | 721 ||| BUYING scroll labelled KUWIJY IC BIC (25 gold).
   721 | D:2      | Bought a scroll labelled KUWIJY IC BIC for 25 gold pieces
   721 | D:2      | 721 ||| BUYING scroll of identify (50 gold).
   721 | D:2      | Bought a scroll of identify for 50 gold pieces
   877 | D:2      | Reached XP level 4. HP: 25/25 MP: 6/6
   942 | D:2      | Reached skill level 8 in Ranged Weapons
  1043 | D:2      | 1043 ||| READING scroll of enchant weapon.
  1043 | D:2      | 1043 ||| ENCHANTING +1 shortbow of chaos.
  1096 | D:2      | HP: 6/25 [poisoned by an adder]
  1097 | D:2      | Slain by an adder

Levels and vault maps discovered:
D:1:      dpeg_arrival_signposts, layout_basic, moated_statue
D:2:      layout_basic, serial_shops, shop

Skill      XL: |  1  2  3  4 |
---------------+-------------+-----
Ranged Weapons | 6 7 8 |  8.1
Fighting       | |  1.5
Dodging        | |  2.4
Stealth        | |  1.2

Action                     |  1- 3 |  4- 6 || total
---------------------------+-------+-------++-------
   Fire: Shortbow          |    98 |    30 ||   128
    Use: Scroll            |     4 |     1 ||     5
 Armour: Leather armour    |     8 |     3 ||    11
  Dodge: Dodged            |    19 |    12 ||    31

Table legend:
 A = Non-vault XP
 B = Vault XP
 C = Vault XP percentage of total XP
 D = Non-vault monster count
 E = Vault monster count
 F = Vault count percentage of total count
                 A         B        C        D         E       F
            +---------+---------+-------+---------+---------+-------
      Total |     166 |       0 |   0.0 |      50 |       0 |   0.0
            +---------+---------+-------+---------+---------+-------
        D:1 |      49 |       0 |   0.0 |      29 |       0 |   0.0
        D:2 |     117 |       0 |   0.0 |      21 |       0 |   0.0
            +---------+---------+-------+---------+---------+-------
